[Event "ICC tourney 2151 (70 10)"]
[Site "Internet Chess Club"]
[Date "2020.11.22"]
[Round "6"]
[White "Zaidalaa"]
[Black "TheKetchupKing"]
[Result "0-1"]
[ICCResult "White resigns"]
[WhiteElo "1816"]
[BlackElo "1915"]
[Opening "Ruy Lopez: exchange, Gligoric variation"]
[ECO "C69"]
[NIC "RL.08"]
[Time "19:31:45"]
[TimeControl "4200+10"]

1. e4 e5 2. Nf3 Nc6 3. Bb5 a6 4. Bxc6 dxc6 5. O-O f6 6. d4 exd4 7. Nxd4 Bd7
8. Nc3 c5 9. Nb3 Bc6 10. Be3 b6 11. Qxd8+ Rxd8 12. Rad1 Bd6 13. a4 Ne7 14.
a5 O-O 15. f4 Rfe8 16. Rfe1 Ng6 17. f5 Ne5 18. axb6 cxb6 19. Nd5 Bxd5 20.
Rxd5 Ng4 21. h3 Nxe3 22. Rxe3 Bh2+ 23. Kf2 Rxd5 24. exd5 Bg1+ 25. Kxg1 Rxe3
26. Kf2 Re5 27. c4 Rxf5+ 28. Ke3 Re5+ 29. Kf3 Kf7 30. Nd2 b5 31. b3 bxc4 32.
bxc4 a5 33. Nb3 a4 34. Nxc5 a3 35. Kf2 Re8 36. d6 a2 37. Nb3 Rb8 38. d7 Ke7
39. Na1 Kxd7 40. Ke3 Rb1 41. Nc2 a1=Q {White resigns} 0-1

[Event "ICC tourney 2151 (70 10)"]
[Site "Internet Chess Club"]
[Date "2020.11.22"]
[Round "6"]
[White "qiaoqiaoszx"]
[Black "clair"]
[Result "1-0"]
[ICCResult "Black resigns"]
[WhiteElo "2137"]
[BlackElo "1715"]
[Opening "Robatsch defense"]
[ECO "B06"]
[NIC "KF.05"]
[Time "19:32:16"]
[TimeControl "4200+10"]

1. e4 g6 2. d4 Bg7 3. Nc3 e6 4. Be3 Ne7 5. Qd2 h6 6. g3 b6 7. Bg2 Bb7 8.
Nge2 a6 9. O-O-O d6 10. Bh3 Nd7 11. Nf4 O-O 12. Rhg1 e5 13. Nfe2 Kh7 14.
Bxd7 Qxd7 15. dxe5 Rad8 16. exd6 Qxd6 17. Qxd6 Rxd6 18. Rxd6 cxd6 19. Bxb6
f5 20. exf5 Nxf5 21. Rd1 Bf3 22. Rd3 Bxe2 23. Nxe2 Ra8 24. c3 Rb8 25. Ba5 h5
26. Kc2 Re8 27. Kd1 Re4 28. Bb4 a5 29. Bxd6 Nxd6 30. Rxd6 Re5 31. Nf4 Rb5
32. Kc2 a4 33. Nxg6 Rc5 34. a3 Rg5 35. Nf4 h4 36. Rd5 Rg4 37. h3 hxg3 38.
hxg4 Bh6 39. fxg3 {Black resigns} 1-0

[Event "ICC tourney 2151 (70 10)"]
[Site "Internet Chess Club"]
[Date "2020.11.22"]
[Round "6"]
[White "alexdora"]
[Black "gitb98"]
[Result "0-1"]
[ICCResult "White resigns"]
[WhiteElo "1909"]
[BlackElo "1961"]
[Opening "Caro-Kann: classical, 6.h4"]
[ECO "B18"]
[NIC "CK.11"]
[Time "19:31:48"]
[TimeControl "4200+10"]

1. e4 c6 2. d4 d5 3. Nd2 dxe4 4. Nxe4 Bf5 5. Ng3 Bg6 6. h4 h6 7. h5 Bh7 8.
Nf3 e6 9. Bd3 Bxd3 10. Qxd3 Nf6 11. Bd2 c5 12. O-O-O Nc6 13. Qb5 Qb6 14.
Qxb6 axb6 15. Bc3 Rxa2 16. Kb1 Ra8 17. Rhe1 Nd5 18. dxc5 Nxc3+ 19. bxc3 bxc5
20. Ne4 Be7 21. Nd6+ Bxd6 22. Rxd6 O-O 23. Rd7 Rab8 24. Ne5 Nxe5 25. Rxe5 b6
26. c4 Rfd8 27. Rxd8+ Rxd8 28. Re3 Rd2 29. Rf3 Kf8 30. Kb2 Ke7 31. Kc3 Rd4
32. Kb3 Rh4 33. Rd3 Rxh5 34. Ka4 Rh4 35. Kb5 Rg4 36. g3 h5 37. Rc3 Kd6 38.
Kxb6 Rd4 39. Kb5 Rd1 40. Rf3 f6 41. Rb3 g5 42. Kb6 Rd4 43. Kb5 h4 44. gxh4
gxh4 45. Ra3 Rd1 46. Ra6+ Ke5 47. Ra3 Rh1 48. Kxc5 h3 49. Rg3 h2 50. Rh3 Kf4
51. Kd6 Rd1+ 52. Kxe6 h1=Q 53. Rxh1 Rxh1 54. c5 Rc1 55. c6 Rxc2 56. Kd7 Kf3
57. c7 Kxf2 58. c8=Q Rxc8 59. Kxc8 f5 {White resigns} 0-1

[Event "ICC tourney 2151 (70 10)"]
[Site "Internet Chess Club"]
[Date "2020.11.22"]
[Round "6"]
[White "breaker90"]
[Black "IndianTerritory"]
[Result "0-1"]
[ICCResult "White resigns"]
[WhiteElo "2076"]
[BlackElo "2142"]
[Opening "Caro-Kann: advance variation"]
[ECO "B12"]
[NIC "CK.04"]
[Time "19:32:37"]
[TimeControl "4200+10"]

1. e4 c6 2. d4 d5 3. e5 Bf5 4. h4 h5 5. Bd3 Bxd3 6. Qxd3 e6 7. Bg5 Qb6 8.
Nd2 c5 9. c4 Qxb2 10. Rd1 Nc6 11. Ngf3 Nb4 12. Qe2 Nxa2 13. O-O Ne7 14. Rb1
Nc3 15. Qd3 Nxb1 16. Rxb1 Qa2 17. Rxb7 Qa1+ 18. Kh2 Qa6 19. Qb3 Rc8 20. Rb8
Nc6 21. Rxc8+ Qxc8 22. cxd5 exd5 23. Qxd5 Qe6 24. Qe4 cxd4 25. Nxd4 Qxe5+
26. Qxe5+ Nxe5 27. Nb5 Kd7 28. Nxa7 Bc5 29. Nb5 Rb8 30. Nc3 Bxf2 31. Nde4
Bd4 32. Nd5 Ng4+ 33. Kg3 Rb3+ 34. Ndc3 f5 {White resigns} 0-1

[Event "ICC tourney 2151 (70 10)"]
[Site "Internet Chess Club"]
[Date "2020.11.22"]
[Round "6"]
[White "zchen15"]
[Black "Monkeybomb3605"]
[Result "0-1"]
[ICCResult "White resigns"]
[WhiteElo "1936"]
[BlackElo "2056"]
[Opening "King's Indian: Semi-Averbakh system"]
[ECO "E73"]
[NIC "KI.27"]
[Time "19:31:53"]
[TimeControl "4200+10"]

1. d4 Nf6 2. c4 g6 3. Nc3 Bg7 4. e4 d6 5. Be2 O-O 6. Be3 Na6 7. g4 e5 8. d5
Nd7 9. h4 Ndc5 10. Qd2 f5 11. gxf5 gxf5 12. exf5 Bxf5 13. O-O-O Nb4 14. Bxc5
dxc5 15. a3 Nc2 16. Nf3 Nd4 17. Nxd4 cxd4 18. Na2 Qf6 19. Qg5 Kh8 20. Qxf6
Rxf6 21. Rdf1 Bh6+ 22. Kd1 Raf8 23. Rhg1 Bh3 24. Re1 Rxf2 25. Kc2 e4 26. Kb3
Bd2 27. Bh5 Bxe1 28. Rxe1 e3 29. Be2 Bf1 30. Bg4 R8f4 31. Bc8 Rxh4 32. Bxb7
Rhh2 33. c5 Rxb2+ 34. Ka4 Rxb7 35. Rxf1 Rxa2 36. Rf8+ Kg7 37. Re8 Kf7 38.
Re4 e2 {White resigns} 0-1

[Event "ICC tourney 2151 (70 10)"]
[Site "Internet Chess Club"]
[Date "2020.11.22"]
[Round "6"]
[White "DankMemer"]
[Black "sirking2800"]
[Result "1-0"]
[ICCResult "Black resigns"]
[WhiteElo "1685"]
[BlackElo "1881"]
[Opening "Queen's pawn: London system"]
[ECO "A45"]
[NIC "QP.07"]
[Time "19:32:17"]
[TimeControl "4200+10"]

1. d4 Nf6 2. Bf4 g6 3. e3 Bg7 4. Nf3 O-O 5. h3 d6 6. Nbd2 Nfd7 7. c3 Nc6 8.
Be2 e5 9. dxe5 Ndxe5 10. Qc2 Bf5 11. e4 Be6 12. O-O Qe7 13. Nb3 Nxf3+ 14.
Bxf3 Ne5 15. Be2 Bc4 16. Bxe5 Bxb3 17. axb3 Qxe5 18. f4 Qc5+ 19. Kh1 f5 20.
exf5 Rxf5 21. Bd3 Rff8 22. f5 gxf5 23. Bxf5 h6 24. Qd3 Rae8 25. b4 Qb6 26.
Qc4+ Kh8 27. Bc2 Qe3 28. Qg4 Rxf1+ 29. Rxf1 Qe2 30. Qf5 Qxc2 {Black resigns}
1-0

[Event "ICC tourney 2151 (70 10)"]
[Site "Internet Chess Club"]
[Date "2020.11.22"]
[Round "6"]
[White "Mapking1"]
[Black "Yucheng"]
[Result "1-0"]
[ICCResult "Black resigns"]
[WhiteElo "1819"]
[BlackElo "1860"]
[Opening "Ruy Lopez: closed, Pilnik variation"]
[ECO "C84"]
[NIC "RL.13"]
[Time "19:32:07"]
[TimeControl "4200+10"]

1. e4 e5 2. Nf3 Nc6 3. Bb5 a6 4. Ba4 Nf6 5. O-O Be7 6. c3 b5 7. Bb3 d6 8. d3
O-O 9. Re1 Na5 10. Bc2 c5 11. Nbd2 Bd7 12. Nf1 Qc7 13. Ne3 Rfb8 14. Bd2 Nc6
15. Nh4 g6 16. g3 b4 17. f4 bxc3 18. bxc3 exf4 19. gxf4 Nxe4 20. Nd5 Qd8 21.
Nxe7+ Qxe7 22. Ng2 Nxc3 23. Bxc3 Qf8 24. Ne3 Ne7 25. d4 Be6 26. d5 Bd7 27.
f5 Nxf5 28. Bxf5 Bxf5 29. Nxf5 gxf5 30. Qh5 f6 31. Kh1 Rb7 32. Rg1+ Kh8 33.
Qxf5 Rf7 34. Raf1 {Black resigns} 1-0

[Event "ICC tourney 2151 (70 10)"]
[Site "Internet Chess Club"]
[Date "2020.11.22"]
[Round "6"]
[White "Kokoro"]
[Black "greenninja"]
[Result "0-1"]
[ICCResult "White resigns"]
[WhiteElo "2150"]
[BlackElo "2009"]
[Opening "Sicilian: Najdorf, 7...Qb6"]
[ECO "B97"]
[NIC "SI.08"]
[Time "19:32:37"]
[TimeControl "4200+10"]

1. e4 c5 2. Nf3 d6 3. d4 cxd4 4. Nxd4 Nf6 5. Nc3 a6 6. Bg5 e6 7. f4 Qb6 8.
Qd2 Nc6 9. Nb3 Ng4 10. Bh4 Be7 11. Bg3 h5 12. h3 Qe3+ 13. Ne2 Qxd2+ 14. Kxd2
Nf6 15. Nc3 b5 16. Re1 Bb7 17. a3 Rc8 18. Be2 h4 19. Bh2 g6 20. Rhf1 b4 21.
axb4 Nxb4 22. Bf3 d5 23. Nd4 Rc4 24. Bg1 Bc5 25. Nb3 Bxg1 26. Rxg1 dxe4 27.
Be2 Rc8 28. Na5 Rd8+ 29. Kc1 Ba8 30. Nb3 Ke7 31. Nc5 Rc8 32. Nxa6 Nbd5 33.
Nxd5+ Nxd5 34. b4 Nxf4 35. Kb2 Rhd8 36. Nc5 Rb8 37. Kb3 Rd2 38. Bf1 f5 39.
g3 Nd5 40. c3 Rf2 41. Be2 hxg3 42. Rxg3 Nf4 43. Bf1 Bc6 44. Na6 Rd8 45. b5
Rxf1 46. Rxf1 Bxb5 47. Rxf4 Bxa6 48. Rxg6 Bd3 49. Kb4 e3 50. Rg3 e2 51. Re3
Kf6 52. Rf2 Rb8+ 53. Kc5 Rb5+ 54. Kd6 Rd5+ 55. Kc6 Re5 56. Rff3 Rxe3 57.
Rxe3 f4 {White resigns} 0-1

[Event "ICC tourney 2151 (70 10)"]
[Site "Internet Chess Club"]
[Date "2020.11.22"]
[Round "6"]
[White "matein7"]
[Black "DLWarrior"]
[Result "0-1"]
[ICCResult "White checkmated"]
[WhiteElo "1878"]
[BlackElo "1965"]
[Opening "QGD: exchange, positional line, 6.Qc2"]
[ECO "D36"]
[NIC "SL.06"]
[Time "19:31:50"]
[TimeControl "4200+10"]

1. d4 d5 2. c4 e6 3. Nc3 c6 4. cxd5 exd5 5. Qc2 Nf6 6. Bg5 Be7 7. e3 Bg4 8.
Bd3 Nbd7 9. f3 Bh5 10. Nge2 O-O 11. O-O Bg6 12. e4 dxe4 13. fxe4 c5 14. e5
Bxd3 15. Qxd3 Nxe5 16. Qg3 Ng6 17. dxc5 Bxc5+ 18. Kh1 Be7 19. Rad1 Qa5 20.
h4 Rad8 21. Nd4 h6 22. Bxh6 gxh6 23. Nf5 Qc5 24. Nxe7+ Qxe7 25. Rde1 Qd6 26.
Qf3 Nd7 27. h5 Nge5 28. Qg3+ Kh7 29. Ne4 Qe6 30. Nf6+ Nxf6 31. Rxe5 Qd6 32.
Qf4 Ng4 33. Qf5+ Kh8 34. Re4 Qh2# {White checkmated} 0-1

[Event "ICC tourney 2151 (70 10)"]
[Site "Internet Chess Club"]
[Date "2020.11.22"]
[Round "6"]
[White "mexicoreal"]
[Black "Rancid-Gambit"]
[Result "1-0"]
[ICCResult "Black resigns"]
[WhiteElo "2042"]
[BlackElo "1916"]
[Opening "French: exchange variation"]
[ECO "C01"]
[NIC "FR.01"]
[Time "19:32:33"]
[TimeControl "4200+10"]

1. e4 e6 2. d4 d5 3. exd5 exd5 4. Bf4 Nf6 5. Bd3 c5 6. dxc5 Bxc5 7. Nf3 O-O
8. O-O Bg4 9. Nbd2 Nc6 10. c3 Re8 11. Qc2 Rc8 12. a3 Bb6 13. Rfe1 h6 14. Bf5
Bxf5 15. Qxf5 Qd7 16. Qxd7 Nxd7 17. Nb3 Re4 18. Bg3 Rce8 19. Kf1 Nf6 20.
Rad1 Rxe1+ 21. Nxe1 Rd8 22. f3 Kf8 23. Nc2 Ne7 24. Bf2 Bxf2 25. Kxf2 b6 26.
Ne3 Nc6 27. Nd4 Nxd4 28. Rxd4 Rd7 29. g4 g6 30. h4 g5 31. Nf5 a6 32. Nxh6
gxh4 33. Nf5 {Black resigns} 1-0

[Event "ICC tourney 2151 (70 10)"]
[Site "Internet Chess Club"]
[Date "2020.11.22"]
[Round "6"]
[White "randomusername"]
[Black "dogetk"]
[Result "0-1"]
[ICCResult "White resigns"]
[WhiteElo "2033"]
[BlackElo "1857"]
[Opening "QGD Slav: 4.e3"]
[ECO "D11"]
[NIC "SL.01"]
[Time "19:32:10"]
[TimeControl "4200+10"]

1. d4 d5 2. c4 c6 3. e3 Nf6 4. Nf3 Bg4 5. h3 Bh5 6. Nc3 e6 7. g4 Bg6 8. Ne5
Nbd7 9. Nxg6 hxg6 10. Bg2 dxc4 11. Qe2 Nb6 12. O-O Be7 13. a4 a5 14. Rd1 Qc7
15. e4 Bb4 16. Be3 O-O 17. g5 Nh5 18. Qg4 Rad8 19. Bf3 e5 20. dxe5 Bxc3 21.
bxc3 Nd7 22. Qh4 Nxe5 23. Bxh5 gxh5 24. Qxh5 Rd3 25. Rxd3 cxd3 26. f4 Nc4
27. Qf3 c5 28. e5 Rd8 29. Qe4 Nxe3 30. Qxe3 c4 31. f5 Rd5 32. e6 Re5 33.
exf7+ Kxf7 34. Qf3 Qc5+ 35. Kh1 Rxf5 36. Qxb7+ Kg6 37. Qg2 Qd5 38. h4 Kh5
39. Re1 d2 40. Rd1 Kxh4 41. Qxd5 Rxd5 42. Kg2 Kxg5 43. Kf3 Kf5 44. Ke3 Rd3+
45. Ke2 g5 {White resigns} 0-1

[Event "ICC tourney 2151 (70 10)"]
[Site "Internet Chess Club"]
[Date "2020.11.22"]
[Round "6"]
[White "aminsamani99"]
[Black "penguinwizard"]
[Result "0-1"]
[ICCResult "White checkmated"]
[WhiteElo "1768"]
[BlackElo "2120"]
[Opening "Queen's Indian defense"]
[ECO "A47"]
[NIC "QP.06"]
[Time "19:31:58"]
[TimeControl "4200+10"]

1. d4 Nf6 2. Nf3 b6 3. Bf4 Bb7 4. e3 e6 5. Bd3 Be7 6. h3 c5 7. c3 d6 8. a4
Nc6 9. Bb5 a6 10. Be2 O-O 11. Nbd2 cxd4 12. exd4 Qc7 13. O-O e5 14. Be3 Nd5
15. Nc4 Nxe3 16. Nxe3 Na7 17. Nf5 Rfd8 18. d5 Bf8 19. Ng5 g6 20. Ng3 Bg7 21.
h4 Nc8 22. h5 Ne7 23. hxg6 hxg6 24. Bf3 b5 25. Be4 Bh6 26. Nh3 f5 27. Bf3 e4
28. Be2 Bxd5 29. axb5 axb5 30. Rxa8 Rxa8 31. Bxb5 Rb8 32. c4 Bf7 33. b3 d5
34. cxd5 Bxd5 35. Bc4 Bxc4 36. bxc4 Rd8 37. Qb3 Qc5 38. Kh2 Nc6 39. Qb5 Qd6
40. Qb3 Nd4 41. c5+ Nxb3 42. cxd6 Rxd6 43. Ne2 Rd2 44. Nef4 Kf7 45. Kg3 g5
46. Nh5 Kg6 47. Rb1 Rd3+ 48. f3 Kxh5 49. Kh2 exf3 50. gxf3 Nd2 51. Rb6 Nxf3+
52. Kg2 Nh4+ 53. Kh2 g4 54. Nf4+ Bxf4+ 55. Kh1 Rd1# {White checkmated} 0-1

[Event "ICC tourney 2151 (70 10)"]
[Site "Internet Chess Club"]
[Date "2020.11.22"]
[Round "6"]
[White "HarleyQueen8"]
[Black "RhettLangseth"]
[Result "1-0"]
[ICCResult "Black checkmated"]
[WhiteElo "1901"]
[BlackElo "2035"]
[Opening "Old Indian defense"]
[ECO "A42"]
[NIC "OI.07"]
[Time "19:31:47"]
[TimeControl "4200+10"]

1. d4 d6 2. c4 e5 3. d5 e4 4. Nc3 Bf5 5. Qc2 Qe7 6. e3 g6 7. Nge2 Bg7 8. Ng3
Nf6 9. Be2 O-O 10. Nxf5 gxf5 11. Bd2 Na6 12. a3 Nd7 13. g4 Rfe8 14. gxf5 Qe5
15. O-O-O Qxf5 16. f3 Nac5 17. fxe4 Nxe4 18. Rdf1 Qe5 19. Nxe4 Qxe4 20. Bd3
Qh4 21. Rhg1 Ne5 22. Bc3 Re7 23. Rf4 Qh6 24. Bxe5 dxe5 25. Rfg4 Qxe3+ 26.
Kb1 f5 27. Bxf5 h5 28. R4g3 Qf4 29. Be6+ Kh8 30. Rg5 e4 31. Qg2 Qf6 32.
Rxh5+ Bh6 33. Qg6 Qxg6 34. Rxg6 Rh7 35. Rgxh6 Rxh6 36. Rxh6+ Kg7 37. Rh4 Rf8
38. Rxe4 Rf1+ 39. Ka2 Kf6 40. Rg4 c6 41. h4 Rh1 42. Rf4+ Ke5 43. Rf5+ Kd6
44. h5 b5 45. dxc6 bxc4 46. Bxc4 Rh2 47. Rf6+ Kc7 48. h6 Rh5 49. Be2 Rh3 50.
Bg4 Rh2 51. Bf5 a5 52. h7 Kb6 53. Rf8 a4 54. h8=Q Rd2 55. Rb8+ Ka7 56. Qg7+
Ka6 57. Qb7+ Ka5 58. Qb5# {Black checkmated} 1-0

[Event "ICC tourney 2151 (70 10)"]
[Site "Internet Chess Club"]
[Date "2020.11.22"]
[Round "6"]
[White "AlexandreKaram"]
[Black "satyamalugu"]
[Result "1/2-1/2"]
[ICCResult "Game drawn by mutual agreement"]
[WhiteElo "1805"]
[BlackElo "2143"]
[Opening "Sicilian: Kan variation"]
[ECO "B41"]
[NIC "SI.41"]
[Time "19:31:59"]
[TimeControl "4200+10"]

1. e4 c5 2. Nf3 e6 3. d4 cxd4 4. Nxd4 a6 5. g3 Nf6 6. Bg2 Nc6 7. Nc3 Bb4 8.
O-O Qa5 9. Nb3 Qc7 10. Bf4 e5 11. Be3 O-O 12. Na4 b5 13. Nac5 Na5 14. Nxa5
Bxc5 15. Bxc5 Qxc5 16. Qd3 Qb4 17. Nb3 Bb7 18. a3 Qc4 19. Na5 Qc7 20. Nxb7
Qxb7 21. c3 Rac8 22. Rac1 Rc4 23. b3 Rc5 24. c4 b4 25. a4 Rc6 26. Rfd1 d6
27. Bh3 h6 28. Qe3 Re8 29. Rd2 Re7 30. Rcd1 Ne8 31. Rd5 Qa7 32. Qxa7 Rxa7
33. Bf1 Kf8 34. f3 Ke7 35. Bh3 Nc7 36. R5d2 Ra8 37. Kf2 a5 38. Ke3 Na6 39.
f4 Nc5 40. Rb1 Rd8 41. f5 h5 42. Bf1 g5 43. h3 Ra6 44. Be2 Rh8 45. Bd1 Nd7
46. Rbb2 Nb8 47. Rd3 Nc6 48. Rf2 Nd4 49. Kd2 Rc6 50. Kc1 h4 51. g4 Rhc8 52.
Kb2 {Game drawn by mutual agreement} 1/2-1/2

[Event "ICC tourney 2151 (70 10)"]
[Site "Internet Chess Club"]
[Date "2020.11.22"]
[Round "6"]
[White "gardemarin13"]
[Black "Vladlena85"]
[Result "1-0"]
[ICCResult "Black resigns"]
[WhiteElo "1955"]
[BlackElo "2090"]
[Opening "Sicilian: closed"]
[ECO "B23"]
[NIC "SI.44"]
[Time "19:32:02"]
[TimeControl "4200+10"]

1. e4 c5 2. Nc3 e6 3. f4 d5 4. Nf3 dxe4 5. Bb5+ Nd7 6. Nxe4 Nf6 7. Nxf6+
Qxf6 8. O-O Bd6 9. d4 cxd4 10. Qxd4 Qxd4+ 11. Nxd4 a6 12. Be2 O-O 13. Be3
Nc5 14. Rad1 Rd8 15. Bf3 f6 16. Rd2 Bd7 17. Nf5 Bf8 18. Nd6 Bxd6 19. Rxd6
Rac8 20. Rfd1 Na4 21. Rxd7 Rxd7 22. Rxd7 Rxc2 23. Bd1 Rc4 24. Rxb7 Nc5 25.
Rc7 {Black resigns} 1-0

[Event "ICC tourney 2151 (70 10)"]
[Site "Internet Chess Club"]
[Date "2020.11.22"]
[Round "6"]
[White "hollyelf"]
[Black "mopaska1106"]
[Result "0-1"]
[ICCResult "White forfeits on time"]
[WhiteElo "2081"]
[BlackElo "2055"]
[Opening "Sicilian: Labourdonnais-Löwenthal (Kalashnikov) variation"]
[ECO "B32"]
[NIC "SI.32"]
[Time "19:31:48"]
[TimeControl "4200+10"]

1. e4 c5 2. Nf3 Nc6 3. d4 cxd4 4. Nxd4 e5 5. Nb5 d6 6. c4 Be7 7. N1c3 a6 8.
Na3 Be6 9. Nc2 Bg5 10. Bxg5 Qxg5 11. Ne3 Qd8 12. g3 Nge7 13. Bg2 O-O 14. O-O
Rc8 15. b3 Nd4 16. Ne2 Nec6 17. Nxd4 Nxd4 18. f4 f6 19. f5 Bf7 20. Kh1 b5
21. cxb5 axb5 22. Rc1 Qa5 23. Nc2 Bh5 24. Qxh5 Nxc2 25. Qe2 Nd4 26. Qb2 Ra8
27. Rf2 Rfc8 28. Bf1 Rab8 29. Bd3 Qa8 30. Rxc8+ Rxc8 31. Rf1 d5 32. Qg2 dxe4
33. Bxe4 Qa3 34. Qd2 Kf8 35. g4 h6 36. h4 Ke7 37. Kg2 Qd6 38. Rd1 Qb6 39.
Qb4+ Qd6 40. Qxd6+ Kxd6 41. a4 bxa4 42. bxa4 Rc4 43. Ra1 Nb3 44. Rd1+ Rd4
45. Rxd4+ exd4 46. Kf2 Ke5 47. Bc2 Nc5 48. Bd1 Ke4 49. a5 d3 50. Bf3+ Kd4
51. Bb7 Kc3 52. a6 d2 53. a7 d1=Q 54. a8=Q Nd3+ 55. Kg3 Qe1+
{White forfeits on time}
0-1

[Event "ICC tourney 2151 (70 10)"]
[Site "Internet Chess Club"]
[Date "2020.11.22"]
[Round "6"]
[White "RagingKnightNC"]
[Black "el008"]
[Result "0-1"]
[ICCResult "White resigns"]
[WhiteElo "2110"]
[BlackElo "1968"]
[Opening "Sicilian: Grand Prix attack"]
[ECO "B21"]
[NIC "SI.48"]
[Time "19:31:42"]
[TimeControl "4200+10"]

1. e4 c5 2. f4 Nc6 3. Nf3 b6 4. Nc3 g6 5. g3 Bg7 6. Bg2 a6 7. O-O e6 8. e5
d5 9. exd6 Qxd6 10. d3 Nge7 11. Bd2 O-O 12. Ne4 Qc7 13. Bc3 Nd5 14. Bxg7
Kxg7 15. Qd2 f5 16. Nc3 Nf6 17. Rae1 Re8 18. Ne5 Bb7 19. Nxc6 Bxc6 20. Bxc6
Qxc6 21. Qg2 Qxg2+ 22. Kxg2 Re7 23. Re5 Rae8 24. Rfe1 Nd7 25. R5e3 Kf7 26.
Rd1 Nf6 27. d4 c4 28. h3 b5 29. a3 Rd8 30. Ne2 Red7 31. c3 a5 32. Ng1 Nd5
33. Re2 b4 34. Nf3 Kf6 35. Ne5 Rc7 36. cxb4 axb4 37. Rc1 bxa3 38. bxa3 c3
39. a4 Nb4 40. Nf3 c2 41. Ne1 Rxd4 42. Nxc2 Rdc4 43. Nxb4 Rxc1 44. Rb2 Ra1
45. Na2 Rc4 46. a5 Ra4 47. Nb4 Rxa5 48. Rd2 Rb5 49. Rd4 Rc1 50. h4 Rbc5 51.
Rd6 R1c4 52. Rb6 Rd4 53. Kf2 Rcc4 54. Na6 Rc2+ 55. Ke3 Ra4 56. Nb4 Rc3+ 57.
Kf2 Kg7 58. Rb7+ Kh6 59. Rb8 Rb3 60. Nc6 Ra2+ 61. Kf1 Rc3 {White resigns}
0-1

[Event "ICC tourney 2151 (70 10)"]
[Site "Internet Chess Club"]
[Date "2020.11.22"]
[Round "6"]
[White "spellking98"]
[Black "Dominator95"]
[Result "0-1"]
[ICCResult "White resigns"]
[WhiteElo "2159"]
[BlackElo "2142"]
[Opening "Queen's pawn"]
[ECO "A40"]
[NIC "QO.17"]
[Time "19:31:45"]
[TimeControl "4200+10"]

1. d4 e6 2. Nf3 d5 3. Bf4 Nf6 4. e3 c5 5. c3 Qb6 6. Qc2 Nc6 7. Nbd2 Bd7 8.
Be2 Rc8 9. Qb1 Be7 10. O-O O-O 11. Ne5 Nxe5 12. dxe5 Ne8 13. c4 Bc6 14. Qc2
Nc7 15. Bg3 Rfd8 16. f4 g6 17. a3 Rd7 18. cxd5 Nxd5 19. Nc4 Qd8 20. e4 Nc7
21. f5 Nb5 22. fxe6 fxe6 23. Nd6 Nd4 24. Qd1 Bxd6 25. exd6 Bxe4 26. Bc4 Bf5
27. Qe1 b5 28. Ba2 c4 29. Rd1 Qb6 30. Kh1 Re8 31. Be5 Nc6 32. Bc3 Qd8 33.
Qg3 a5 34. b4 axb4 35. axb4 Rf8 36. h4 Bc2 37. Rxf8+ Qxf8 38. Rd2 Qf5 39.
Rf2 Qd3 40. Qf4 Qd1+ 41. Kh2 Bf5 42. Rd2 Qg4 43. Qh6 Qh5 44. Qf4 Qg4 45. Qf2
h5 46. Kg1 Rf7 47. Qe3 Be4 48. Re2 Bd3 49. Rf2 Rxf2 50. Qxf2 Qf5 51. Qg3 Qd5
52. Qf4 Qf5 53. Qg3 Kf7 54. d7 e5 55. d8=Q Nxd8 56. Bxe5 Ne6 57. Qe3 g5 58.
hxg5 Qxg5 59. Qf3+ Kg6 60. Bb2 Qf4 61. Qc6 Qf1+ 62. Kh2 Qf4+ 63. Kg1 Qf5 64.
Qe8+ Kg5 65. Bc1+ Kg4 66. Qg8+ Ng5 67. Be3 Qf1+ 68. Kh2 Qf6 69. Qb8 Ne6 70.
Qg8+ Ng5 71. Qb8 Be4 72. Qg3+ Kf5 73. Qh4 Nf3+ 74. gxf3 Qxh4+ 75. Kg1 Qg3+
{White resigns}
0-1